 Dungeon Crawl Stone Soup version 0.27-a0-279-gdfb9265905 (webtiles) character file.

Game seed: 12736995505846931189

64822 vurker the Destroyer (level 14, -1/124 HPs)
             Began as a Red Draconian Conjurer on Feb 7, 2021.
             Was a High Priest of Vehumet.
             Slain by Snorg (13 damage)
             ... on level 12 of the Dungeon.
             The game lasted 00:48:16 (31216 turns).

vurker the Destroyer (Red Draconian Conjurer)      Turns: 31216, Time: 00:48:17

Health: -1/124     AC: 11    Str: 11    XL:     14   Next: 73%
Magic:  4/31       EV: 10    Int: 23    God:    Vehumet [*****.]
Gold:   2044       SH: 12    Dex:  9    Spells: 21/39 levels left

rFire    + + +     SeeInvis .   S - staff of fire
rCold    + . .     Faith    .   F - +2 kite shield
rNeg     . . .     Spirit   .   (armour unavailable)
rPois    +         Reflect  .   (helmet restricted)
rElec    .         Harm     .   B - scarf {rC+ rF+}
rCorr    .         Rampage  .   C - +1 pair of gloves
Will     ++...                  e - +0 pair of boots
Stlth    ++........             M - amulet of the acrobat
HPRegen  0.30/turn              b - ring of willpower
MPRegen  0.22/turn              J - ring of poison resistance

@: no status effects
A: breathe fire, unfitting armour, fire resistance 1, cold-blooded, AC +8
a: Breathe Fire, Renounce Religion


You were on level 12 of the Dungeon.
You worshipped Vehumet.
Vehumet was extremely pleased with you.
You visited 4 branches of the dungeon, and saw 21 of its levels.

You collected 2131 gold pieces.
You spent 87 gold pieces at shops.

Inventory:

Armour
 e - a +0 pair of boots (worn)
   (You found it on level 1 of the Dungeon)
 A - a +2 cloak
   (You found it on level 11 of the Dungeon)
 B - a scarf of resistance (worn)
   (You found it on level 6 of the Dungeon)
 C - a +1 pair of gloves (worn)
   (You found it on level 6 of the Dungeon)
 F - a +2 kite shield (worn)
   (You found it on level 5 of the Dungeon)
Magical Staves
 u - an uncursed staff of air
   (You found it on level 10 of the Dungeon)
 S - an uncursed staff of fire (weapon)
   (You took it off a spriggan on level 6 of the Lair of Beasts)
Jewellery
 b - a ring of willpower (left hand)
   (You found it on level 9 of the Dungeon)
 k - an uncursed ring of see invisible
   (You found it on level 1 of the Dungeon)
 t - a +4 ring of evasion
   (You found it on level 4 of the Dungeon)
 z - an uncursed ring of resist corrosion
   (You found it on level 6 of the Dungeon)
 J - a ring of poison resistance (right hand)
   (You found it on level 2 of the Lair of Beasts)
 K - an uncursed ring of ice
   (You found it on level 3 of the Lair of Beasts)
 M - an amulet of the acrobat (around neck)
   (You found it on level 4 of the Lair of Beasts)
 N - an uncursed ring of flight
   (You found it on level 4 of the Lair of Beasts)
Wands
 v - a wand of digging (5)
   (You took it off a kobold on level 8 of the Dungeon)
 R - a wand of mindburst (8)
   (You found it on level 6 of the Lair of Beasts)
Scrolls
 a - 5 scrolls of identify
 c - a scroll of enchant armour
 h - 5 scrolls of blinking
 i - 12 scrolls of remove curse
 j - 5 scrolls of brand weapon
 l - a scroll of fear
 n - 5 scrolls of teleportation
 p - 5 scrolls of fog
 q - 7 scrolls of enchant weapon
 x - 3 scrolls of vulnerability
 H - 4 scrolls of magic mapping
 O - 2 scrolls of holy word
 P - a scroll of summoning
 Q - a scroll of immolation
Potions
 f - 2 potions of lignification
 g - 3 potions of mutation
 m - 4 potions of haste
 o - 10 potions of curing
 r - 3 potions of flight
 s - 2 potions of ambrosia
 w - 2 potions of invisibility
 y - 5 potions of heal wounds
 D - a potion of resistance
 G - 5 potions of cancellation
 I - a potion of magic
Miscellaneous
 L - a phial of floods (inert)
   (You found it on level 4 of the Lair of Beasts)


   Skills:
 + Level 11.2 Fighting
 - Level 1.7 Dodging
 - Level 1.7 Stealth
 * Level 8.8 Shields
 * Level 13.3 Spellcasting
 + Level 14.1 Conjurations
 - Level 3.0 Hexes
 - Level 3.0 Translocations
 * Level 11.3 Fire Magic


You had 21 spell levels left.
You knew the following spells:

 Your Spells              Type           Power        Failure   Level
a - Magic Dart            Conj           100%         1%          1
b - Searing Ray           Conj           100%         1%          2
c - Starburst             Conj/Fire      42%          2%          6
d - Iskenderun's Mystic   Conj/Tloc      53%          1%          4
e - Foxfire               Conj/Fire      100%         1%          1
q - Olgreb's Toxic Radia  Pois           15%          22%         4

Your spell library contained the following spells:

 Spells                   Type           Power        Failure   Level
 Irradiate                Conj/Tmut      23%          4%          5
 Dazzling Flash           Conj/Hex       100%         1%          3
 Ignite Poison            Fire/Tmut/Pois 48%          1%          3
 Inner Flame              Hex/Fire       64%          1%          3
 Fulminant Prism          Conj/Hex       26%          1%          4
 Fireball                 Conj/Fire      42%          1%          5
 Apportation              Tloc           58%          2%          1
 Corona                   Hex            32%          2%          1
 Slow                     Hex            29%          4%          2
 Ensorcelled Hibernation  Hex/Ice        44%          8%          2
 Confusing Touch          Hex            29%          8%          3
 Gell's Gravitas          Tloc           14%          8%          3
 Portal Projectile        Hex/Tloc       58%          8%          3
 Tukima's Dance           Hex            29%          8%          3
 Animate Skeleton         Necr           30%          9%          1
 Beastly Appendage        Tmut           30%          9%          1
 Summon Small Mammal      Summ           60%          9%          1
 Wereblood                Tmut           15%          14%         2
 Spider Form              Tmut/Pois      7%           26%         3
 Cause Fear               Hex            14%          26%         4
 Yara's Violent Unravell  Hex/Tmut       11%          32%         5
 Leda's Liquefaction      Hex/Erth       11%          43%         4
 Ice Form                 Ice/Tmut       15%          65%         4
 Petrify                  Tmut/Erth      15%          65%         4
 Ignition                 Fire           39%          78%         8
 Metabolic Englaciation   Hex/Ice        11%          80%         5
 Blade Hands              Tmut           7%           94%         5


Dungeon Overview and Level Annotations

Branches:
Dungeon (12/15)            Temple (1/1) D:7            Lair (6/6) D:10
 Shoals (0/4) Lair:4        Snake (0/4) Lair:3        Slime (0/5) Lair:5
    Orc (2/2) D:10            Elf (0/3) Orc:2

Altars:
Ashenzari
Cheibriados
Dithmenos
Elyvilon
Fedhas
Hepliaklqana
Nemelex Xobeh
Okawaru
Ru
Sif Muna
Trog
Vehumet
Xom
Zin
The Shining One
Beogh
Jiyva

Shops:
D:4 *   Orc:2 (*:[

Annotations:
D:5 2 transporters, bmj180's ghost, amateur KoEn
D:9 exclusions: ice statue and orange crystal statue
D:12 Snorg


Innate Abilities, Weirdness & Mutations

You can breathe blasts of fire.
Your fiery red scales are hard. (AC +8)
You cannot fit into any form of body armour.
Your flesh is heat resistant. (rF+)
You are cold-blooded and may be slowed by cold attacks.


Message History

You feel your power returning.
The kobold throws a stone.
The stone hits you but does no damage.
You feel a surge of power!
The bolt of fire hits the big kobold!!!
You kill the big kobold!
Vehumet accepts your kill.
You feel a surge of power!
The bolt of fire hits the orc!!!
You kill the orc!
Vehumet accepts your kill.
You feel your power returning.
The bolt of fire misses the kobold.
The bolt of fire hits the orc!!
You kill the orc!
Vehumet accepts your kill.
You feel your power returning.
Aim: a kobold, wielding a +0 dagger and quivering stones You breathe a blast of fire.
The fiery breath hits the kobold.
You kill the kobold!
Vehumet accepts your kill.
You feel your power returning.
The fiery breath hits the orc wizard!
The fiery breath hits Snorg!
You feel a surge of power!
The bolt of fire hits the orc wizard!!!
You kill the orc wizard!
Vehumet accepts your kill.
The bolt of fire hits Snorg!!!
You feel a surge of power!
The bolt of fire misses Snorg.
The bolt of fire hits the wraith!!
Snorg goes berserk!
You don't have enough magic to cast that spell.
Aim: Snorg (heavily wounded, berserk, chance to affect: 30%) Snorg easily resists.
Snorg bites you!! You block Snorg's attack. Snorg barely misses you.
Okay, then.
Okay, then.
You block Snorg's attack. Snorg claws you. x2
A bullfrog skeleton comes into view.
Snorg closely misses you. x2; Snorg claws you!
You block the bullfrog skeleton's attack.
Snorg bites you! You block Snorg's attack. Snorg misses you.
The bullfrog skeleton closely misses you.
You have got your breath back.
Snorg barely misses you. Snorg completely misses you. x2
Snorg bites you! Snorg claws you. You block Snorg's attack. Snorg bites you!
* * * LOW HITPOINT WARNING * * *
You block Snorg's attack. Snorg completely misses you.
There is a stone staircase leading up here.
Snorg bites you but does no damage. Snorg claws you!
* * * LOW HITPOINT WARNING * * *
Snorg closely misses you. Snorg bites you!!
* * * LOW HITPOINT WARNING * * *
You block Snorg's attack. Snorg claws you!
You die...

## ..# .. ...# .# ####
#.... .. .. ..###...
......#. . #.#.÷.
........ #.#.#.# #.#.....
#.#.@.# ####.......
##...T######....##....
#..).ZW...............
##....##.###...##......
......#.##..#...†..†.....
............(.#####..#...
......###.#.######..#....
........#.#.......(......
#..## #.............#####


You could see Snorg (berserk), a wraith and a bullfrog skeleton.

Vanquished Creatures
  2 orc warlords (Orc:2)
  2 entropy weavers (Lair:4)
  An ettin (Orc:2)
  Harold (D:7)
  2 boulder beetles
  8 hydras
  A queen ant (Lair:4)
  3 two-headed ogres
  3 orc high priests
  4 orc knights
  Pikel (D:5)
  2 ugly things (D:11)
  4 orc sorcerers
  9 elephants
  A cyclops (D:12)
  2 black mambas
  A gargoyle (D:12)
  A torpor snail (Lair:5)
  8 cane toads
  8 komodo dragons
  2 centaur skeletons (D:11)
  2 rime drakes (Lair:6)
  3 trolls
  5 polar bears
  3 hornets
  Prince Ribbit (D:5)
  8 blink frogs
  4 dream sheep (Lair:6)
  11 spriggans (Lair:6)
  3 wyverns
  Sigmund (D:3)
  47 yaks
  A wraith (D:11)
  Grum (Lair:1)
  2 basilisks
  24 soldier ants (Lair:4)
  6 wargs
  An acid dragon (D:10)
  4 nagas (Lair:3)
  12 water moccasins
  31 orc warriors
  A swamp drake (D:10)
  4 ice beasts
  2 sky beasts
  An eye of draining (D:10)
  5 black bears
  A necrophage (D:8)
  8 ogres
  23 wolves
  3 boggarts (Lair:6)
  8 centaurs
  5 phantoms
  4 lemures (D:5)
  5 big kobolds
  A gnoll sergeant (D:9)
  Blork the orc (D:5)
  16 bullfrogs
  A water moccasin zombie (D:5)
  6 killer bees
  6 scorpions
  7 wights
  4 howler monkeys
  5 electric eels
  A bullfrog zombie (D:7)
  A centaur zombie (D:6)
  3 jellies
  10 hounds
  14 orc priests
  A gnoll shaman (D:10)
  4 iguanas
  Ijyb (D:3)
  Terence (D:3)
  38 orc wizards
  32 worker ants
  7 hell rats (Lair:3)
  A killer bee zombie (D:6)
  A hound zombie (D:10)
  2 hound skeletons
  A howler monkey zombie (D:7)
  A worker ant zombie (D:11)
  Robin (D:2)
  11 adders
  17 gnolls
  2 shadow imps
  3 white imps (D:8)
  3 ufetubi
  An ooze (D:4)
  An adder zombie (D:8)
  An adder skeleton (D:4)
  7 leopard geckos
  96 orcs
  A ball python (D:7)
  4 bats (D:2)
  4 giant cockroaches (D:3)
  5 hobgoblins
  18 jackals
  6 quokkas
  7 frilled lizards
  13 goblins
  33 kobolds
  2 leopard gecko skeletons
  8 rats
716 creatures vanquished.

Vanquished Creatures (collateral kills)
  A bullfrog (D:9)
  3 orc wizards (D:9)
  3 orcs (D:9)
7 creatures vanquished.

Vanquished Creatures (others)
  A fulminant prism (D:6)
  42 fungi
  54 plants
97 creatures vanquished.

Grand Total: 820 creatures vanquished

Notes
Turn   | Place    | Note
-------+----------+-------------------------------------------
     0 | D:1      | vurker the Draconian Conjurer began the quest for the Orb.
     0 | D:1      | Reached XP level 1. HP: 14/14 MP: 3/3
   394 | D:1      | Reached XP level 2. HP: 22/22 MP: 3/5
   822 | D:2      | Reached skill level 1 in Fighting
   930 | D:2      | Noticed Robin
   939 | D:2      | Killed Robin
   940 | D:2      | Reached XP level 3. HP: 28/28 MP: 1/7
  1194 | D:2      | Learned a level 2 spell: Searing Ray
  1330 | D:2      | Reached XP level 4. HP: 36/36 MP: 4/8
  1546 | D:2      | Found a shimmering blue altar of Sif Muna.
  1931 | D:3      | Noticed Ijyb
  2028 | D:3      | Killed Ijyb
  2182 | D:3      | Noticed Sigmund
  2206 | D:3      | Killed Sigmund
  2207 | D:3      | Reached XP level 5. HP: 34/45 MP: 1/11
  2328 | D:3      | Noticed Terence
  2337 | D:3      | Reached XP level 6. HP: 51/51 MP: 10/12
  2390 | D:3      | Killed Terence
  2391 | D:3      | Reached skill level 5 in Conjurations
  3018 | D:3      | Learned a level 4 spell: Fulminant Prism
  3023 | D:3      | Learned a level 4 spell: Iskenderun's Mystic Blast
  3317 | D:4      | Reached skill level 1 in Translocations
  3541 | D:4      | Reached skill level 1 in Hexes
  3576 | D:4      | Reached skill level 5 in Spellcasting
  3576 | D:4      | Your scales start taking on a fiery red colour.
  3576 | D:4      | Reached XP level 7. HP: 58/58 MP: 9/14
  3576 | D:4      | Gained mutation: Your flesh is heat resistant. (rF+) [Red
                  | Draconian growth]
  3758 | D:4      | Found Xubown's Assorted Antiques.
  3848 | D:4      | Bought a scroll labelled ZOCRYO FASTEA for 30 gold pieces
  3848 | D:4      | Bought a scroll labelled YSUM FIPSEB for 30 gold pieces
  3848 | D:4      | Bought a smoky grey potion for 27 gold pieces
  4246 | D:5      | Entered Level 5 of the Dungeon
  4457 | D:5      | Noticed Prince Ribbit
  4516 | D:5      | Killed Prince Ribbit
  4517 | D:5      | Reached XP level 8. HP: 66/66 MP: 7/16
  4564 | D:5      | Reached skill level 6 in Conjurations
  4726 | D:5      | Found a transporter.
  4727 | D:5      | Found a transporter.
  4733 | D:5      | Noticed bmj180's ghost (amateur KoEn)
  4796 | D:5      | Noticed Blork the orc
  4803 | D:5      | Killed Blork the orc
  5903 | D:5      | Noticed Pikel
  6116 | D:5      | Killed Pikel
  6117 | D:5      | Reached skill level 5 in Fighting
  6117 | D:5      | Reached skill level 7 in Conjurations
  6868 | D:6      | Reached XP level 9. HP: 66/74 MP: 15/19
  7780 | D:7      | Found a staircase to the Ecumenical Temple.
  7811 | Temple   | Entered the Ecumenical Temple
  7919 | Temple   | Became a worshipper of Vehumet
  8220 | D:7      | Noticed Harold
  8230 | D:7      | Reached skill level 8 in Conjurations
  8694 | D:7      | Killed Harold
  9139 | D:8      | Noticed a two-headed ogre
  9148 | D:8      | Killed a two-headed ogre
  9149 | D:8      | Reached skill level 9 in Conjurations
  9149 | D:8      | Reached XP level 10. HP: 84/84 MP: 7/22
  9245 | D:8      | Reached * piety under Vehumet
  9245 | D:8      | Offered knowledge of Shock by Vehumet.
 10879 | D:9      | Reached skill level 1 in Shields
 10920 | D:9      | Reached ** piety under Vehumet
 10920 | D:9      | Offered knowledge of Foxfire by Vehumet.
 10923 | D:9      | Learned a level 1 spell: Foxfire
 11197 | D:9      | Reached skill level 1 in Fire Magic
 11260 | D:9      | Reached skill level 10 in Conjurations
 11266 | D:9      | Offered knowledge of Static Discharge by Vehumet.
 11757 | D:9      | Reached *** piety under Vehumet
 11791 | D:9      | Noticed an ice statue
 12005 | D:9      | Noticed an orange crystal statue
 12131 | D:10     | Entered Level 10 of the Dungeon
 12498 | D:10     | Reached XP level 11. HP: 94/94 MP: 19/24
 12507 | D:10     | Offered knowledge of Stone Arrow by Vehumet.
 12746 | D:10     | Noticed a two-headed ogre
 12761 | D:10     | Killed a two-headed ogre
 12894 | D:10     | Reached skill level 10 in Spellcasting
 13091 | D:10     | Reached **** piety under Vehumet
 13108 | D:10     | Offered knowledge of Hailstorm by Vehumet.
 13377 | D:10     | Noticed a two-headed ogre
 13384 | D:10     | Killed a two-headed ogre
 13557 | D:10     | Reached skill level 11 in Conjurations
 13673 | D:10     | Found a staircase to the Lair.
 14199 | D:10     | Found a staircase to the Orcish Mines.
 14782 | D:11     | Noticed a red ugly thing
 14805 | D:11     | Killed a red ugly thing
 14805 | D:11     | Noticed a purple ugly thing
 14815 | D:11     | Killed a purple ugly thing
 14820 | D:11     | Reached skill level 5 in Fire Magic
 15213 | D:11     | Reached ***** piety under Vehumet
 15252 | D:11     | Offered knowledge of Olgreb's Toxic Radiance by Vehumet.
 15258 | D:11     | Learned a level 4 spell: Olgreb's Toxic Radiance
 15329 | D:11     | Reached XP level 12. HP: 104/104 MP: 18/26
 15916 | Lair:1   | Entered Level 1 of the Lair of Beasts
 15964 | Lair:1   | Noticed a six-headed hydra
 16016 | Lair:1   | Killed a six-headed hydra
 16017 | Lair:1   | Reached skill level 5 in Shields
 16548 | Lair:1   | Noticed a four-headed hydra
 16558 | Lair:1   | Killed a four-headed hydra
 16559 | Lair:1   | Reached skill level 12 in Conjurations
 16829 | Lair:1   | Noticed Grum
 16844 | Lair:1   | Killed Grum
 18316 | Lair:3   | Found a staircase to the Snake Pit.
 18672 | Lair:3   | Noticed a boulder beetle
 18683 | Lair:3   | Killed a boulder beetle
 18891 | Lair:3   | Offered knowledge of Starburst by Vehumet.
 18987 | Lair:3   | Learned a level 6 spell: Starburst
 19630 | Lair:4   | Found a staircase to the Shoals.
 20158 | Lair:4   | Reached skill level 10 in Fighting
 20159 | Lair:4   | Reached XP level 13. HP: 113/113 MP: 15/28
 20296 | Lair:4   | Noticed an entropy weaver
 20301 | Lair:4   | Noticed an entropy weaver
 20307 | Lair:4   | Killed an entropy weaver
 20324 | Lair:4   | Killed an entropy weaver
 21140 | Lair:4   | Reached skill level 13 in Conjurations
 22831 | Lair:5   | Found a viscous altar of Jiyva.
 22832 | Lair:5   | Found a staircase to the Slime Pits.
 23208 | Lair:5   | Got a smouldering arbalest
 23400 | Lair:5   | Found a snail-covered altar of Cheibriados.
 23973 | Lair:6   | Entered Level 6 of the Lair of Beasts
 24845 | Lair:6   | Reached XP level 14. HP: 122/122 MP: 24/30
 25147 | Lair:6   | Reached skill level 10 in Fire Magic
 26585 | Orc:1    | Entered Level 1 of the Orcish Mines
 27624 | Orc:2    | Entered Level 2 of the Orcish Mines
 28720 | Orc:1    | Reached skill level 14 in Conjurations
 28910 | Orc:2    | Noticed an orc warlord
 28921 | Orc:2    | Offered knowledge of Irradiate by Vehumet.
 29195 | Orc:2    | Killed an orc warlord
 29574 | Orc:2    | Found a staircase to the Elven Halls.
 29873 | Orc:2    | Found a roughly hewn altar of Beogh.
 29893 | Orc:2    | Found Pofum's General Store.
 29957 | Orc:2    | Found Beikkeupp's Antique Weapon Shop.
 30004 | Orc:2    | Found Neodwiy's Antique Armour Shop.
 30056 | Orc:2    | Noticed an orc warlord
 30106 | Orc:2    | Found Bopomeq's Book Shop.
 30121 | Orc:2    | Killed an orc warlord
 31191 | D:12     | Noticed Snorg
 31216 | D:12     | Slain by Snorg

Illustrated notes

Levels and vault maps discovered:
D:1:      tarquinn_simple_flora_water_b, layout_rooms, minmay_pentomino_r4
D:2:      layout_basic, overflow_temple_1_default, uniq_robin
D:3:      layout_basic, uniq_terence, uniq_ijyb, uniq_sigmund
D:4:      minmay_skewed_foursquare, layout_rooms, serial_shops,
          nicolae_shop_stone
D:5:      layout_basic, gammafunk_ghost_mausoleum, uniq_pikel,
          uniq_prince_ribbit1, uniq_blork_the_orc
D:6:      layout_rooms
D:7:      layout_loops_ring, minmay_temple_entry_mini_moons, uniq_harold
D:8:      layout_loops_ring
D:9:      minmay_separated_statues, layout_basic
D:10:     layout_long_grid, erik_lair_island, erik_orc_1
D:11:     layout_rooms
D:12:     layout_rooms, special_room [special_room_orc],
          nicolae_gozag_cash_rules_everything_around_me, uniq_snorg,
          uniq_nessos, uniq_sonja
Temple:   dpeg_three_leaves_temple
Lair:1:   layout_cave_shapes, st_stairs_10, infiniplex_staircase_pool,
          grunt_megastairs_4, uniq_grum
Lair:2:   layout_regular_city, hibernation_bobbens
Lair:3:   layout_cave_pods, minmay_snake_entry_guardpost_small
Lair:4:   layout_cellular_growth, minmay_shoals_entry_hut,
          grunt_forest_stairs_basic, zaba_anthell
Lair:5:   layout_concentric_octagons, slime_altar_1, kennysheep_snail_temple
Lair:6:   minmay_lair_end_enchanted_forest, layout_cave_shapes,
          gauntlet_entry_generic
Orc:1:    layout_caves
Orc:2:    grunt_orc_cross, layout_diamond_mine, nicolae_orc_stony_grotto

Skill      XL: |  1  2  3  4  5  6  7  8  9 10 11 12 13 14 |
---------------+-------------------------------------------+-----
Fighting       | 1 3 4 5 6 7 9 10 11 | 11.2
Spellcasting   | 3 4 5 6 8 9 10 11 12 13 | 13.3
Conjurations   | 5 7 9 10 11 12 13 14 | 14.1
Translocations | 1 2 3 |  3.0
Hexes          | 1 2 3 |  3.0
Shields        | 2 4 6 7 8 |  8.8
Fire Magic     | 2 5 7 9 11 | 11.3
Dodging        | |  1.7
Stealth        | |  1.7

Action                   |  1- 3 |  4- 6 |  7- 9 | 10-12 | 13-15 || total
-------------------------+-------+-------+-------+-------+-------++-------
Melee: Short sword       |    37 |    52 |    42 |    15 |    18 ||   164
       Tailslap          |     2 |     7 |     4 |     1 |     5 ||    19
       Staff             |       |       |       |       |    14 ||    14
 Cast: Magic Dart        |    46 |    60 |   199 |   562 |   294 ||  1161
       Searing Ray       |     2 |    17 |    40 |   166 |    97 ||   322
       Iskenderun's Myst |       |       |    19 |    35 |    69 ||   123
       Fulminant Prism   |       |       |     1 |       |       ||     1
       Olgreb's Toxic Ra |       |       |       |     4 |    44 ||    48
       Starburst         |       |       |       |       |    74 ||    74
 Abil: Breathe Fire      |       |       |     1 |       |     4 ||     5
Evoke: Wand              |       |       |     5 |       |     9 ||    14
       Phial of floods   |       |       |       |       |     2 ||     2
  Use: Scroll            |     1 |       |       |    26 |     5 ||    32
       Potion            |       |       |       |       |     2 ||     2
Armor: Skin              |     8 |    14 |    31 |    51 |    73 ||   177
Dodge: Dodged            |    18 |    37 |    88 |   116 |   205 ||   464
Block: Kite shield       |       |       |       |   204 |   239 ||   443
       Reflection        |       |       |       |    19 |       ||    19
       Other             |       |       |       |     2 |       ||     2

Table legend: (Time is in decaauts)
 A = Elapsed time spent in this place.
 B = Non-inter-level travel time spent in this place.
 C = Inter-level travel time spent in this place.
 D = Time resting spent in this place.
 E = Time spent auto-exploring this place.
 F = Levels seen in this place.
 G = Mean time per level.
                   A        B        C        D        E       F      G
               +--------+--------+--------+--------+--------+-----+--------+
         Total |  31245 |  30248 |    997 |   2233 |  23347 |  21 | 1487.9 |
       Dungeon |  16667 |  16122 |    545 |   1151 |  12397 |  12 | 1388.9 |
        Temple |    113 |    113 |      0 |      0 |    102 |   1 |  113.0 |
          Lair |  10644 |  10337 |    307 |    691 |   8185 |   6 | 1774.0 |
  Orcish Mines |   3820 |   3676 |    144 |    391 |   2663 |   2 | 1910.0 |
               +--------+--------+--------+--------+--------+-----+--------+

Top non-repeatable levels by time:
  Lair:4: 2866 daAuts
    D:10: 2544 daAuts
  Lair:6: 2319 daAuts
   Orc:2: 2280 daAuts
     D:5: 2228 daAuts
  Lair:5: 1728 daAuts
     D:9: 1667 daAuts
     D:7: 1610 daAuts
    D:11: 1544 daAuts
   Orc:1: 1540 daAuts
  Lair:3: 1504 daAuts
     D:4: 1444 daAuts
     D:8: 1393 daAuts
     D:2: 1272 daAuts
  Lair:1: 1221 daAuts
